 Dungeon Crawl Stone Soup version 0.18-a0-1372-gd644665 (webtiles) character file.

138 M4edhros the Sneak (level 5, -2/36 HPs)
             Began as an Octopode Monk on Feb 21, 2016.
             Slain by Natasha (10 damage)
             ... on level 2 of the Dungeon.
             The game lasted 00:01:17 (1278 turns).

M4edhros the Sneak (Octopode Monk)                  Turns: 1278, Time: 00:01:17

Health: -2/36      AC:  1    Str: 11    XL:     5   Next: 21%
Magic:  5/5        EV: 13    Int: 12    God:
Gold:   92         SH:  0    Dex: 15    Spells: 0 memorised, 4 levels left

rFire  . . .     SeeInvis .       - Unarmed
rCold  . . .     Gourm    .     (no shield)
rNeg   + . .     Faith    .     (helmet restricted)
rPois  .         Spirit   .     (no amulet)
rElec  .         Dismiss  .     b - ring of positive energy
rCorr  .         Reflect  .     (no ring)
SustAt .         Harm     .     (no ring)
MR     .....                    (no ring)
Stlth  ++++......               (no ring)
                                (no ring)
                                (no ring)
                                (no ring)

@: not resistant to hostile enchantments, stealthy
A: almost no armour, amphibious, 8 rings, constrict 8, camouflage 1, gelatinous
body 1
a: no special abilities


You were on level 2 of the Dungeon.
You were not hungry.

You visited 1 branch of the dungeon, and saw 2 of its levels.

You collected 92 gold pieces.

Inventory:

Jewellery
 b - a ring of positive energy (left tentacle)
 d - a cursed ring of loudness {unknown}
Scrolls
 c - 2 scrolls of fog {unknown}
Potions
 e - a potion of berserk rage {unknown}
Comestibles
 a - 3 bread rations
 f - a chunk of flesh


   Skills:
 - Level 3.0 Fighting
 - Level 3.0 Dodging
 + Level 5.6 Stealth
 + Level 5.3 Unarmed Combat


You had 4 spell levels left.
You didn't know any spells.

Dungeon Overview and Level Annotations

Branches:
Dungeon (2/15)

Altars:

Annotations:
D:2 Natasha


Innate Abilities, Weirdness & Mutations

You cannot wear most types of armour.
You are amphibious.
You can wear up to eight rings at the same time.
You can use your tentacles to constrict eight enemies at once.
Your skin changes colour to match your surroundings (Stealth).
Your rubbery body absorbs attacks (AC +1).


Message History

You tentacle-slap Natasha but do no damage.
Your grab misses Natasha. Your squeeze misses Natasha. Natasha claws you.
You closely miss Natasha. You grab Natasha. You constrict Natasha.
Natasha claws you!
* * * LOW HITPOINT WARNING * * *
You are too injured to fight recklessly!
You are too injured to fight recklessly!
You are too injured to fight recklessly!
You tentacle-slap Natasha. x2; You squeeze Natasha.
Natasha is heavily wounded.
You constrict Natasha. Natasha closely misses you.
You tentacle-slap Natasha but do no damage.
Natasha is severely wounded.
You constrict Natasha, but do no damage.
Natasha barely misses you.
You tentacle-slap Natasha. Your squeeze misses Natasha.
Natasha is severely wounded.
You constrict Natasha, but do no damage.
Natasha claws you!
You die...

#........+.......#
#.
#........######'##
##
+.............#.#
#........####.#.#
#........# #.#.#
#######'## #)#.#
#.#####.#.#
#<##....#.#
#######@####.#
......h......#
#######.###### #.#
#.# #.# #.# #.#
#.#


You could see Natasha.

Vanquished Creatures
  Natasha (D:2)
  3 gnolls (D:2)
  4 adders (D:2)
  An ooze (D:1)
  A worm (D:2)
  A giant gecko (D:1)
  A giant cockroach (D:1)
  3 goblins
  7 hobgoblins
  4 jackals (D:1)
  7 bats
  2 giant newts (D:1)
  4 kobolds
  4 rats
43 creatures vanquished.

Notes
Turn   | Place    | Note
--------------------------------------------------------------
     0 | D:1      | M4edhros the Octopode Monk began the quest for the Orb.
     0 | D:1      | Reached XP level 1. HP: 16/16 MP: 1/1
    81 | D:1      | Reached XP level 2. HP: 15/21 MP: 2/2
   251 | D:1      | Reached XP level 3. HP: 24/26 MP: 3/3
   930 | D:2      | Noticed Natasha
   936 | D:2      | Killed Natasha
   936 | D:2      | Reached XP level 4. HP: 20/31 MP: 4/4
  1023 | D:2      | Reached skill level 5 in Stealth
  1023 | D:2      | Reached skill level 5 in Unarmed Combat
  1235 | D:2      | Reached XP level 5. HP: 23/36 MP: 5/5
  1271 | D:2      | Noticed Natasha
  1278 | D:2      | Slain by Natasha

Vault maps used:
D:1:      scummos_arrival_forest
D:2:      nicolae_overflow_crystal_walls, uniq_natasha

Action                   |  1- 3 |  4- 6 || total
-------------------------+-------+-------++-------
Melee: Unarmed           |    64 |    38 ||   102
 Stab: Sleeping          |    11 |     5 ||    16
       Distracted        |     1 |       ||     1
  Eat: Chunk             |       |     1 ||     1
